 Dungeon Crawl Stone Soup version 0.18.1-48-g4cf74bf (webtiles) character file.

137 Gargoyl the Skirmisher (level 5, 40/42 HPs)
             Began as a Demonspawn Abyssal Knight on Sept 4, 2016.
             Was a Believer of Lugonu.
             Quit the game on level 3 of the Dungeon.
             The game lasted 00:04:39 (3124 turns).

Gargoyl the Skirmisher (Demonspawn Abyssal Knight)  Turns: 3124, Time: 00:04:39

Health: 40/42      AC:  6    Str: 13      XL:     5   Next: 0%
Magic:  7/7        EV:  7    Int: 12 (13) God:    Lugonu [**....]
Gold:   107        SH:  6    Dex: 12 (13) Spells: 0 memorised, 4 levels left

rFire  . . .     SeeInvis .     a - +1 hand axe
rCold  + . .     Gourm    .     l - +1 ring mail {rC+}
rNeg   . . .     Faith    .     p - +0 shield
rPois  .         Spirit   +     (helmet restricted)
rElec  .         Dismiss  .     (no cloak)
rCorr  .         Reflect  .     (no gloves)
SustAt .         Harm     .     (no boots)
MR     .....                    e - amulet of magic regeneration
Stlth  +.........               (no ring)
                                (no ring)

@: drained, not resistant to hostile enchantments, very unstealthy
A: antennae 1, magic shield
a: Depart the Abyss, Bend Space, Renounce Religion


You were on level 3 of the Dungeon.
You worshipped Lugonu.
Lugonu was pleased with you.
You were very hungry.

You visited 1 branch of the dungeon, and saw 3 of its levels.
You visited the Abyss 1 time.

You collected 107 gold pieces.

Inventory:

Hand Weapons
 a - a +1 hand axe (weapon)
Armour
 l - a +1 ring mail of cold resistance (worn)
 p - a +0 shield (worn)
Jewellery
 e - an amulet of magic regeneration (around neck)
Wands
 n - a wand of lightning (4/15)
 r - a wand of flame (8/48)
Scrolls
 b - a scroll of enchant weapon {unknown}
 h - a scroll of immolation {unknown}
 i - 3 scrolls of identify {unknown}
 j - a scroll of fear {unknown}
 k - 2 scrolls of remove curse {unknown}
Potions
 d - a potion of flight
 g - a potion of degeneration
 m - a potion of curing {unknown}
 o - a potion of might {unknown}
 t - a potion of mutation {unknown}
Comestibles
 c - 2 bread rations
 f - 2 fruits
 q - 2 beef jerkies
 s - 2 meat rations
 u - a chunk of flesh


   Skills:
 + Level 4.0(3.4) Fighting
 + Level 2.4(1.8) Axes
 + Level 2.7(2.2) Armour
 + Level 2.2(1.7) Dodging
 + Level 2.8(2.3) Invocations


You had 4 spell levels left.
You didn't know any spells.

Dungeon Overview and Level Annotations

Branches:
Dungeon (3/15)

Altars:
Nemelex Xobeh


Innate Abilities, Weirdness & Mutations

You have a pair of small antennae on your head.
When hurt, damage is shared between your health and your magic reserves.


Message History

You hit the giant gecko.
You kill the giant gecko!
Lugonu accepts your kill.
Your base Fighting skill increases to level 4!
You closely miss the kobold.
The kobold hits you but does no damage. x2
Unknown command.
The kobold closely misses you.
Found a slice of pizza.
You see here a giant gecko corpse.
You closely miss the kobold. You block the kobold's attack.
You hit the kobold.
You kill the kobold!
Lugonu accepts your kill.
You have reached level 5!
Your demonic ancestry asserts itself...
You feel your magical essence form a protective shroud around your flesh.
You butcher the giant gecko corpse.
u - a chunk of flesh You see here a giant gecko skeleton.
Are you sure you want to abandon this character and quit the game? (Confirm with "yes".)

........#.. #....%.#
........##. #......#
........##. #......#
########### #......#
#......# #......#
#......#
#....@(###+###
#......†(....#
#.......(....#
#............#########
#####........'........
#........########.
#........# #.
#........# #.
########## #.


There were no monsters in sight!

Vanquished Creatures
  7 adders
  A worm (D:2)
  4 dart slugs
  A giant gecko (D:3)
  An orc (D:3)
  10 giant cockroaches
  6 goblins
  6 hobgoblins
  2 jackals (D:2)
  A quokka (D:2)
  A ball python (D:2)
  5 bats
  6 giant newts
  8 kobolds
  3 rats
62 creatures vanquished.

Notes
Turn   | Place    | Note
--------------------------------------------------------------
     0 | Abyss:1  | Gargoyl the Demonspawn Abyssal Knight began the quest for the Orb.
     0 | Abyss:1  | Reached XP level 1. HP: 18/18 MP: 2/2
    85 | Abyss:1  | Found a corrupted altar of Lugonu.
    98 | Abyss:1  | Noticed a thrashing horror
   100 | D:1      | Escaped the Abyss
   102 | D:1      | Reached skill level 1 in Dodging
   457 | D:1      | Reached * piety under Lugonu
   460 | D:1      | Gained mutation: You have a pair of small antennae on your head. [demonic ancestry]
   460 | D:1      | Reached XP level 2. HP: 9/24 MP: 3/3
  1023 | D:2      | Reached XP level 3. HP: 16/29 MP: 3/5
  1769 | D:2      | Reached ** piety under Lugonu
  1827 | D:2      | Reached XP level 4. HP: 20/37 MP: 6/6
  2562 | D:3      | Found a sparkling altar of Nemelex Xobeh.
  3118 | D:3      | Reached skill level 4 in Fighting
  3121 | D:3      | Gained mutation: When hurt, damage is shared between your health and your magic reserves. [demonic ancestry]
  3121 | D:3      | Reached XP level 5. HP: 40/42 MP: 7/7
  3124 | D:3      | Quit the game

Skill      XL: |  1  2  3  4 |
---------------+-------------+-----
Dodging        | 1 2 |  2.2
Armour         | 2 |  2.7
Axes           | 2 |  2.4
Fighting       | 4 |  4.0
Invocations    | |  2.8

Action                   |  1- 3 |  4- 6 || total
-------------------------+-------+-------++-------
Melee: Hand axe          |   121 |    97 ||   218
Invok: Depart the Abyss  |     1 |       ||     1
  Use: Potion            |     3 |       ||     3
  Eat: Chunk             |     3 |     3 ||     6
Armor: Leather armour    |    15 |       ||    15
       Ring mail         |    50 |    39 ||    89
Dodge: Dodged            |   102 |    69 ||   171
Block: Shield            |       |    14 ||    14
